 Dungeon Sprint DCSS version 0.26-a0-831-g7192265339 (webtiles) character file.

Game seed: 2127781160018630375

700000 sahdkjhfkaj the Middleweight Champion (level 11, 94/94 HPs)
             Began as a Minotaur Gladiator on Nov 16, 2020.
             Was an Initiate of Makhleb.
             Quit the game in the Dungeon (Sprint VIII: "Arena of Blood").
             The game lasted 00:00:24 (7 turns).

sahdkjhfkaj the Middleweight Champion (MiGl)           Turns: 7, Time: 00:00:24

Health: 94/94      AC:  3    Str: 23    XL:     11   Next: 71%
Magic:  10/10      EV: 12    Int:  5    God:    Makhleb [......]
Gold:   0          SH:  0    Dex: 11    Spells: 10/10 levels left

rFire    . . .     SeeInvis .   k - +∞ Axe of Woe
rCold    . . .     Faith    .   (shield currently unavailable)
rNeg     . . .     Spirit   .   b - +0 leather armour
rPois    .         Reflect  .   c - +0 hat
rElec    .         Harm     .   (no cloak)
rCorr    .         Rampage  .   (no gloves)
MR       .....     NoTele   +   (no boots)
Stlth    +.........             (no amulet)
HPRegen  0.25/turn              (no ring)
MPRegen  0.12/turn              (no ring)

@: no status effects
A: retaliatory headbutt, horns 2
a: Renounce Religion


You were in the Dungeon.
You worshipped Makhleb.
Makhleb was noncommittal.
You visited 1 branch

Inventory:

Hand Weapons
 a - a +0 war axe
 k - the +∞ Axe of Woe (weapon)
   (You found it in the Dungeon)
Missiles
 d - 3 throwing nets (quivered) {!f}
Armour
 b - a +0 leather armour (worn)
 c - a +0 hat (worn)
Scrolls
 j - a scroll of blinking {!r}
Potions
 e - a potion of curing {!q}
 f - a potion of heal wounds {!q}
 g - a potion of haste {!q}
 h - 2 potions of magic {!q}
 i - a potion of berserk rage {!q}


   Skills:
 + Level 8.2 Fighting
 - Level 3.6 Axes
 - Level 2.0 Throwing
 - Level 3.2 Dodging
 O Level 27 Unarmed Combat


You had 10 spell levels left.
You didn't know any spells.
Your spell library was empty.

Dungeon Overview and Level Annotations

Branches:
Dungeon (1/1)

Altars:
Makhleb


Innate Abilities, Weirdness & Mutations

You reflexively headbutt those who attack you in melee.
You have a pair of horns on your head.


Message History

You have reached level 7!
You have reached level 8!
You feel stronger.
You have reached level 9!
Your experience leads to an increase in your attributes!
Increase (S)trength, (I)ntelligence, or (D)exterity?
You feel stronger.
You have reached level 10!
You have reached level 11!
Save game and exit?
Okay, then.
Unknown command.
Unknown command.
Are you sure you want to abandon this character and quit the game? (Confirm with "yes".)
Okay, then.
Unknown command.
Are you sure you want to abandon this character and quit the game? (Confirm with "yes".)
Okay, then.
Unknown command.
Are you sure you want to abandon this character and quit the game? (Confirm with "yes".)

...... ..... ..
#.... .# .. #...
..# ...###...
..###.
........###......
#....o).._......
#@o...# #_.<._#
#.....#
....._......
......###......
..###... o.###. .
#... ..# #... .#
..... ..


You could see 3 bags of meat.

Vanquished Creatures
  An orc (D)
1 creature vanquished.

Notes
Turn   | Place    | Note
-------+----------+-------------------------------------------
     0 | D        | Found the +∞ Axe of Woe
     0 | D        | sahdkjhfkaj the Minotaur Gladiator began the quest for the
                  | Orb.
     0 | D        | Reached XP level 1. HP: 18/18 MP: 0/0
     3 | D        | Noticed a bag of meat
     4 | D        | Became a worshipper of Makhleb the Destroyer
     4 | D        | Noticed a bag of meat
     5 | D        | Noticed a bag of meat
     6 | D        | Killed a bag of meat
     6 | D        | Noticed a bag of meat
     7 | D        | Reached skill level 27 in Unarmed Combat
     7 | D        | Reached XP level 2. HP: 35/35 MP: 1/1
     7 | D        | Reached XP level 3. HP: 40/40 MP: 2/2
     7 | D        | Reached XP level 4. HP: 48/48 MP: 3/3
     7 | D        | Reached XP level 5. HP: 53/53 MP: 4/4
     7 | D        | Reached XP level 6. HP: 61/61 MP: 5/5
     7 | D        | Reached XP level 7. HP: 68/68 MP: 6/6
     7 | D        | Reached XP level 8. HP: 74/74 MP: 7/7
     7 | D        | Reached XP level 9. HP: 81/81 MP: 8/8
     7 | D        | Reached XP level 10. HP: 88/88 MP: 9/9
     7 | D        | Reached XP level 11. HP: 94/94 MP: 10/10
     7 | D        | Quit the game

Illustrated notes

Levels and vault maps discovered:
D:        meatsprint

Skill      XL: |  1 |
---------------+----+-----
Unarmed Combat | 27 | 27.0
Fighting       | 8 |  8.2
Axes           | |  3.6
Throwing       | |  2.0
Dodging        | |  3.2

Action                   |  1- 3 |  4- 6 |  7- 9 | 10-12 || total
-------------------------+-------+-------+-------+-------++-------
Melee: Executioner's axe |     1 |       |       |       ||     1

Table legend: (Time is in decaauts)
 A = Elapsed time spent in this place.
 B = Non-inter-level travel time spent in this place.
 C = Inter-level travel time spent in this place.
 D = Time resting spent in this place.
 E = Time spent auto-exploring this place.
 F = Levels seen in this place.
 G = Mean time per level.
                   A        B        C        D        E       F      G
               +--------+--------+--------+--------+--------+-----+--------+
         Total |      7 |      7 |      0 |      0 |      0 |   1 |    7.0 |
       Dungeon |      7 |      7 |      0 |      0 |      0 |   1 |    7.0 |
               +--------+--------+--------+--------+--------+-----+--------+

Top non-repeatable levels by time:
       D: 7 daAuts
